 Dungeon Crawl Stone Soup version 0.17-a0-1719-g1afd5a1 (webtiles) character file.

75 kae the Slasher (level 4, -3/39 HPs)
             Began as a Minotaur Fighter on Aug 27, 2015.
             Was an Initiate of Qazlal.
             Blown up by Ijyb (22 damage)
             ... with a wand of disintegration
             ... on level 2 of the Dungeon.
             The game lasted 00:00:49 (1185 turns).

kae the Slasher (Minotaur Fighter)                  Turns: 1185, Time: 00:00:50

Health: -3/39      AC:  6    Str: 21    XL:     4   Next: 11%
Magic:  3/3        EV:  7    Int:  6    God:    Qazlal [......]
Gold:   122        SH:  9    Dex:  9    Spells: 0 memorised, 3 levels left

rFire  . . .     SeeInvis .     a - +0 long sword
rCold  . . .     Clarity  .     b - +0 scale mail
rNeg   . . .     SustAt   .     c - +0 shield
rPois  .         Gourm    .     (helmet restricted)
rElec  .         Spirit   .     (no cloak)
rCorr  .         Warding  .     (no gloves)
rMut   .         Stasis   .     (no boots)
MR     .....                    (no amulet)
Stlth  ..........               (no ring)
                                (no ring)

@: not resistant to hostile enchantments, extremely unstealthy
A: retaliatory headbutt, horns 2
a: Renounce Religion


You were on level 2 of the Dungeon.
You worshipped Qazlal.
Qazlal was noncommittal.
You were hungry.

You visited 1 branch of the dungeon, and saw 3 of its levels.

You collected 122 gold pieces.

Inventory:

Hand weapons
 a - a +0 long sword (weapon)
Armour
 b - a +0 scale mail (worn)
 c - a +0 shield (worn)
Scrolls
 g - 2 scrolls of enchant armour {unknown}
 m - 3 scrolls of identify {unknown}
 q - a scroll of blinking {unknown}
 r - a scroll of remove curse {unknown}
Potions
 d - a potion of might
 i - a potion of haste {unknown}
 j - 2 potions of curing {unknown}
 k - a potion of heal wounds {unknown}
 l - a potion of lignification {unknown}
 n - 2 potions of flight {unknown}
 o - a potion of cancellation {unknown}
Comestibles
 e - a bread ration
 f - 3 meat rations
 h - a slice of pizza


   Skills:
 - Level 3.6 Fighting
 + Level 5.3 Long Blades
 - Level 3.6 Armour
 - Level 3.6 Shields


You had 3 spell levels left.
You didn't know any spells.

Dungeon Overview and Level Annotations

Branches:
Dungeon (3/15)

Altars:
Kikubaaqudgha
Makhleb
Okawaru
Qazlal
Sif Muna
Vehumet
Xom

Annotations:
D:2 Ijyb


Innate Abilities, Weirdness & Mutations

You reflexively headbutt those who attack you in melee.
You have a pair of horns on your head.


Message History

The orc is moderately wounded.
The orc hits you but does no damage. The orc hits you with a whip.
You block the orc's attack.
You slash the orc!
You kill the orc!
Qazlal accepts your kill. The orc hits you but does no damage. x2
Ijyb zaps a wand.
You barely resist.
It is a wand of disintegration.
The orc closely misses you.
Unknown command.
There is a stone staircase leading up here.
The orc hits you with a flail. You block Ijyb's attack.
The orc hits you but does no damage.
You climb upwards.
There is a stone staircase leading down here.
Unknown command.
Ijyb zaps a wand.
You barely resist.
Ijyb zaps a wand.
You are blasted!
Ouch! That really hurt!
You die...

###########.......##
..######....####...#
...................#
#.....##########[..#
...#### #...# #..#
#...# ##.## #.###
##..## #.# ###.>#
#########@##
####.###..........##
...................##
######.........ogo..#
..<# #..)...........#
##.# #..............#
#.# #..............#
#.###..............#
##...##............##


You could see Ijyb and 2 orcs.

Vanquished Creatures
  Jessica (D:2)
  2 adders (D:2)
  2 orcs (D:3)
  2 bats (D:1)
  A giant cockroach (D:1)
  4 hobgoblins
  2 giant newts
  5 goblins
  7 kobolds
  3 rats (D:1)
29 creatures vanquished.

Notes
Turn   | Place    | Note
--------------------------------------------------------------
     0 | D:1      | kae the Minotaur Fighter began the quest for the Orb.
     0 | D:1      | Reached XP level 1. HP: 19/19 MP: 0/0
   135 | D:1      | Reached XP level 2. HP: 26/26 MP: 1/1
   544 | D:2      | Reached skill level 4 in Long Blades
   544 | D:2      | Reached XP level 3. HP: 22/31 MP: 2/2
   825 | D:2      | Found a stormy altar of Qazlal.
   832 | D:2      | Found a shimmering altar of Xom.
   837 | D:2      | Found a deep blue altar of Sif Muna.
   841 | D:2      | Found an iron altar of Okawaru.
   853 | D:2      | Became a worshipper of Qazlal Stormbringer
   863 | D:2      | Found a radiant altar of Vehumet.
   870 | D:2      | Found a burning altar of Makhleb.
   875 | D:2      | Found an ancient bone altar of Kikubaaqudgha.
   941 | D:2      | Noticed Jessica
   946 | D:2      | Killed Jessica
   946 | D:2      | Reached skill level 5 in Long Blades
   946 | D:2      | Reached XP level 4. HP: 33/39 MP: 3/3
  1176 | D:3      | Noticed Ijyb
  1185 | D:2      | Blown up by Ijyb

Vault maps used:
D:1:      lemuel_arrival_funnel
D:2:      grunt_temple_overflow_octagram, uniq_jessica
D:3:      nicolae_dithmenos_through_a_glass_darkly, first_bread,
          uniq_crazy_yiuf_cottage, uniq_iyjb, uniq_sigmund

Action                   |  1- 3 |  4- 6 || total
-------------------------+-------+-------++-------
Melee: Long sword        |    71 |     6 ||    77
